 Dungeon Crawl Stone Soup version 0.30-a0-339-g89bb51ec76 (webtiles) character file.

Game seed: 9647045685195593903

350 retardedninja the Trooper (level 6, 0/56 HPs)
             Began as a Hill Orc Fighter on Oct 27, 2022.
             Slain by a gnoll
             ... wielding a +0 spear
              (5 damage)
             ... on level 4 of the Dungeon on Oct 31, 2022.
             The game lasted 00:05:55 (2378 turns).

retardedninja the Trooper (Hill Orc Fighter)        Turns: 2378, Time: 00:05:55

Health: 0/56       AC:  7    Str: 21    XL:     6   Next: 60%
Magic:  6/6        EV:  9    Int:  8    God:
Gold:   184        SH:  5    Dex: 10    Spells: 5/5 levels left

rFire   . . .      SeeInvis .    a - +0 war axe
rCold   . . .      Faith    .    c - +0 buckler
rNeg    . . .      Spirit   .    b - +0 scale mail
rPois   .          Reflect  .    (no helmet)
rElec   .          Harm     .    (no cloak)
rCorr   .          Rampage  .    (no gloves)
Will    .....                    (no boots)
Stlth   ..........               (no amulet)
HPRegen 0.29/turn                (no ring)
MPRegen 0.10/turn                (no ring)

@: no status effects
A: no striking features
a: no special abilities


You were on level 4 of the Dungeon.
You visited 1 branch of the dungeon, and saw 4 of its levels.

You collected 184 gold pieces.

Inventory:

Hand Weapons
 a - a +0 war axe (weapon)
Armour
 b - a +0 scale mail (worn)
 c - a +0 buckler (worn)
Jewellery
 h - a +4 ring of evasion
 o - a +4 ring of evasion
 r - an amulet of the acrobat
Scrolls
 e - 3 scrolls of identify {unknown}
 g - a scroll of enchant weapon {unknown}
 i - 3 scrolls of fear {unknown}
 j - a scroll of amnesia {unknown}
 k - a scroll of teleportation {unknown}
 n - 2 scrolls of butterflies {unknown}
Potions
 d - 3 potions of might
 f - 2 potions of curing
 l - 2 potions of haste {unknown}
 m - 2 potions of flight {unknown}
 p - 2 potions of lignification {unknown}
 q - a potion of mutation {unknown}
 s - a potion of degeneration {unknown}


   Skills:
 + Level 5.2 Fighting
 + Level 5.0 Axes
 + Level 4.8 Armour
 + Level 4.9 Shields


You had 5 spell levels left.
You didn't know any spells.
Your spell library contained the following spells:

 Spells                   Type           Power      Damage    Failure   Level
 Magic Dart               Conj           0%         1d3       82%         1
 Call Imp                 Summ           0%         N/A       91%         2
 Mephitic Cloud           Conj/Pois/Air  0%         N/A       99%         3


Dungeon Overview and Level Annotations

Branches:
Dungeon (4/15)
 Temple: D:4-7

Altars:

Annotations:
D:3 1 transporter, idiolect's ghost, amateur NaVM


Message History

You are too injured to fight recklessly!
You are too injured to fight recklessly!
Unknown command.
It was a potion of curing.
You feel better. The scorpion barely misses you.
The gnoll hits you but does no damage. The gnoll barely misses you.
The scorpion stings you.
You slash the scorpion!
You kill the scorpion!
The gnoll hits you from afar with a +0 spear.
The gnoll hits you but does no damage.
Your Axes skill increases to level 5!
Found 12 gold pieces.
You block the gnoll's attack.
The gnoll hits you from afar with a +0 spear.
You hit the gnoll but do no damage. You block the gnoll's attack.
The gnoll closely misses you. The gnoll hits you with a +0 spear!
* * * LOW HITPOINT WARNING * * *
The gnoll hits you from afar with a +0 spear.
* * * LOW HITPOINT WARNING * * *
You slash the gnoll!
The gnoll is severely wounded.
You block the gnoll's attack. The gnoll hits you but does no damage.
You feel better. The gnoll closely misses you.
The gnoll hits you but does no damage.
You closely miss the gnoll.
The gnoll is severely wounded.
The gnoll closely misses you.
The gnoll hits you from afar with a +0 spear.
* * * LOW HITPOINT WARNING * * *
An adder comes into view.
You barely miss the gnoll.
The gnoll is severely wounded.
The adder hisses angrily.
The gnoll hits you with a +0 spear.
* * * LOW HITPOINT WARNING * * *
The gnoll hits you from afar with a +0 spear.
* * * LOW HITPOINT WARNING * * *
The gnoll hits you with a +0 spear.
* * * LOW HITPOINT WARNING * * *
The gnoll hits you from afar with a +0 spear.
You die...

.. ... .. .... #.
.S..# #.. ...# ##.)
#..## #...###....#
##.....gg...#
#.....@./#
.....##..## #$.. #..#
# #.##..# ...
#.....## ......
##.....# .......
#.....## .......
#......###.......
.###..###............


You could see 2 gnolls and an adder.

Vanquished Creatures
  Sigmund (D:3)
  A scorpion (D:4)
  5 adders
  A worm (D:2)
  3 dart slugs (D:1)
  An orc (D:3)
  5 ball pythons
  7 endoplasms
  6 giant cockroaches
  5 goblins (D:1)
  A hobgoblin (D:3)
  4 jackals (D:2)
  6 kobolds
  2 quokkas (D:2)
  5 bats
  2 frilled lizards
  8 rats
63 creatures vanquished.

Notes
Turn   | Place    | Note
-------+----------+-------------------------------------------
     0 | D:1      | retardedninja the Hill Orc Fighter began the quest for the
                  | Orb.
     0 | D:1      | Reached XP level 1. HP: 19/19 MP: 1/1
    84 | D:1      | Reached XP level 2. HP: 27/27 MP: 2/2
   347 | D:1      | Reached XP level 3. HP: 30/33 MP: 3/3
  1020 | D:2      | Found a faded altar of an unknown god.
  1064 | D:2      | Reached XP level 4. HP: 31/40 MP: 4/4
  1570 | D:3      | Noticed Sigmund
  1584 | D:3      | Killed Sigmund
  1585 | D:3      | Reached skill level 5 in Fighting
  1585 | D:3      | Reached XP level 5. HP: 17/48 MP: 5/5
  1585 | D:3      | Reached XP level 6. HP: 20/56 MP: 6/6
  2097 | D:3      | Upgraded the game from 0.30-a0-322-g102857c98e to
                  | 0.30-a0-339-g89bb51ec76
  2136 | D:3      | Found a transporter.
  2141 | D:3      | Noticed idiolect's ghost (amateur NaVM)
  2373 | D:4      | Reached skill level 5 in Axes
  2378 | D:4      | Slain by a gnoll

Illustrated notes

Levels and vault maps discovered:
D:1:      minmay_arrival_stone_box, layout_loops_ring,
          minmay_misc_feat_secret_circle, amcnicky_mini_pool_small, minivault_14
D:2:      layout_basic, hellmonk_ecumenical_altar_leap_of_faith
D:3:      layout_rooms, gammafunk_ghost_stat_death, uniq_sigmund
D:4:      layout_layer_cave

Skill      XL: |  1  2  3  4  5  6 |
---------------+-------------------+-----
Axes           | 3 4 5 |  5.0
Fighting       | 4 5 |  5.2
Shields        | 4 |  4.9
Armour         | 4 |  4.8

Action                   |  1- 3 |  4- 6 || total
-------------------------+-------+-------++-------
Melee: War axe           |   107 |    80 ||   187
  Use: Potion            |       |     2 ||     2
Armor: Scale mail        |    57 |    37 ||    94
Dodge: Dodged            |    56 |    42 ||    98
Block: Buckler           |    28 |    23 ||    51

Table legend: (Time is in decaauts)
 A = Elapsed time spent in this place.
 B = Non-inter-level travel time spent in this place.
 C = Inter-level travel time spent in this place.
 D = Time resting spent in this place.
 E = Time spent auto-exploring this place.
 F = Levels seen in this place.
 G = Mean time per level.
                   A        B        C        D        E       F      G
               +--------+--------+--------+--------+--------+-----+--------+
         Total |   2446 |   2369 |     77 |    539 |   1368 |   4 |  611.5 |
       Dungeon |   2446 |   2369 |     77 |    539 |   1368 |   4 |  611.5 |
               +--------+--------+--------+--------+--------+-----+--------+

Top non-repeatable levels by time:
     D:1: 940 daAuts
     D:3: 728 daAuts
     D:2: 682 daAuts
     D:4: 94 daAuts
